 Dungeon Crawl Stone Soup version 0.20-a0-754-g13ddd6e (webtiles) character file.

78 Gorglomux the Digger (level 4, -5/24 HPs)
             Began as a Gargoyle Earth Elementalist on Feb 26, 2017.
             Slain by Malvoorn's ghost (9 damage)
             ... on level 3 of the Dungeon.
             The game lasted 00:04:12 (1858 turns).

Gorglomux the Digger (Gargoyle Earth Elementalist)  Turns: 1858, Time: 00:04:12

Health: -5/24      AC:  5    Str: 11    XL:     4   Next: 36%
Magic:  0/7        EV: 12    Int: 17    God:
Gold:   81         SH:  0    Dex: 10    Spells: 3/7 levels left

rFire    . . .     SeeInvis .   t - +1 spear
rCold    . . .     Gourm    .   c - +0 robe
rNeg     + . .     Faith    .   (no shield)
rPois    ∞         Spirit   .   (no helmet)
rElec    +         Reflect  .   (no cloak)
rCorr    .         Harm     .   (no gloves)
MR       .....                  (no boots)
Stlth    ++........             l - amulet of rage
Regen    0.1/turn               (no ring)
MPRegen  0.1/turn               (no ring)

@: no status effects
A: negative energy resistance 1, electricity resistance, unbreathing,
petrification resistance, rot immunity, AC +3
a: Evoke Berserk Rage


You were on level 3 of the Dungeon.
You were not hungry.

You visited 1 branch of the dungeon, and saw 3 of its levels.

You collected 81 gold pieces.

Inventory:

Hand Weapons
 n - a +0 dagger
 t - a +1 spear (weapon)
Missiles
 b - 44 stones
 r - 3 tomahawks of dispersal
Armour
 c - a +0 robe (worn)
Jewellery
 l - an amulet of rage (around neck)
Scrolls
 m - a scroll of enchant weapon
 q - a scroll of immolation
 s - a scroll of enchant armour {unknown}
 B - a scroll of blinking
 T - a scroll of teleportation
Potions
 j - a potion of might
Books
 e - a book of Geomancy

   Spells                             Type                      Level
   a - Sandblast                      Earth                        1
   b - Passwall                       Transmutation/Earth          2
   c - Stone Arrow                    Conjuration/Earth            3
   d - Petrify                        Transmutation/Earth          4
   e - Lee's Rapid Deconstruction     Earth                        5
Comestibles
 d - 2 bread rations
 h - 3 meat rations
 o - a royal jelly
 p - 2 chunks of flesh


   Skills:
 - Level 1.5 Dodging
 - Level 2.1 Stealth
 - Level 2.0 Spellcasting
 + Level 2.1 Conjurations
   Level 0.7 Transmutations
 + Level 5.4 Earth Magic


You had 3 spell levels left.
You knew the following spells:

 Your Spells              Type           Power        Failure   Level  Hunger
a - Sandblast             Erth           ###...       2%          1    #......
b - Stone Arrow           Conj/Erth      ##....       14%         3    ###....


Dungeon Overview and Level Annotations

Branches:
Dungeon (3/15)

Altars:

Annotations:
D:3 Malvoorn's ghost, amateur DsAK


Innate Abilities, Weirdness & Mutations

You are resistant to torment.
Your stone body is resilient. (AC +3)
You are immune to poison.
You resist negative energy. (rN+)
You are resistant to electric shocks. (rElec)
You can survive without breathing.
You are immune to petrification.
You are immune to rotting.


Message History

Aim: Malvoorn's ghost (moderately damaged)
The blast of sand hits Malvoorn's ghost.
Malvoorn's ghost is moderately damaged.
b - 45 stones Malvoorn's ghost hits you.
* * * LOW HITPOINT WARNING * * *
The goblin misses you.
A rat comes into view.
Casting: Sandblast
Confirm with . or Enter, or press ? or * to list all spells.
Aiming: Sandblast
Press: ? - help, Shift-Dir - straight line, f/p - Malvoorn's ghost
Aim: Malvoorn's ghost (moderately damaged)
The blast of sand misses Malvoorn's ghost.
b - 44 stones Malvoorn's ghost hits you!
* * * LOW HITPOINT WARNING * * *
The goblin barely misses you. Malvoorn's ghost hits you!
You die...

...# # r..# #.
...###
#<#####......
###............
#..............
......KWg......
#@# #.# #.# #.#
#.# #.. ###


You could see Malvoorn's ghost, a goblin, a kobold and a rat.

Vanquished Creatures
  3 adders (D:2)
  An ooze (D:1)
  A worm (D:2)
  A dart slug (D:1)
  A leopard gecko (D:2)
  3 giant cockroaches (D:1)
  5 goblins
  5 hobgoblins
  A quokka (D:2)
  4 bats
  3 frilled lizards (D:2)
  6 kobolds
  8 rats
42 creatures vanquished.

Notes
Turn   | Place    | Note
-------+----------+-------------------------------------------
     0 | D:1      | Gorglomux the Gargoyle Earth Elementalist began the quest for the Orb.
     0 | D:1      | Reached XP level 1. HP: 10/10 MP: 3/3
   126 | D:1      | Reached skill level 4 in Earth Magic
   200 | D:1      | Reached XP level 2. HP: 15/15 MP: 3/5
   655 | D:1      | Reached XP level 3. HP: 19/19 MP: 3/6
   698 | D:1      | Reached skill level 5 in Earth Magic
   788 | D:1      | Learned a level 3 spell: Stone Arrow
  1001 | D:2      | Reached skill level 1 in Conjurations
  1318 | D:2      | Reached XP level 4. HP: 24/24 MP: 3/7
  1850 | D:3      | Noticed Malvoorn's ghost (amateur DsAK)
  1858 | D:3      | Slain by Malvoorn's ghost

Vault maps used:
D:1:      lightli_arrival_flooded_house
D:3:      kb_xom_exploding_sheep, first_bread, bloody_makhleb

Skill      XL: |  1  2  3  4 |
---------------+-------------+-----
Earth Magic    | 4 5 |  5.4
Conjurations   | 1 2 |  2.1
Dodging        | |  1.5
Stealth        | |  2.1
Spellcasting   | |  2.0
Transmutations | |  0.7

Action                   |  1- 3 |  4- 6 || total
-------------------------+-------+-------++-------
Melee: Dagger            |       |    12 ||    12
 Cast: Sandblast         |    36 |    19 ||    55
       Stone Arrow       |     7 |     3 ||    10
  Use: Scroll            |       |     5 ||     5
  Eat: Chunk             |     3 |     2 ||     5
Armor: Robe              |     4 |     5 ||     9
Dodge: Dodged            |     3 |    12 ||    15
